 Dungeon Crawl Stone Soup version 0.25-a0-404-gc1b5a34292 (webtiles) character file.

Game seed: 2781571972498159559, levelgen mode: deterministic

2001 Gargoyl the Chopper (level 9, -16/75 HPs)
             Began as a Centaur Abyssal Knight on Jan 11, 2020.
             Was a Priest of Lugonu.
             Demolished by an orc warrior
             ... wielding a +2 scimitar of slicing
              (19 damage)
             ... on level 6 of the Dungeon.
             The game lasted 00:13:11 (8997 turns).

Gargoyl the Chopper (Centaur Abyssal Knight)        Turns: 8997, Time: 00:13:11

Health: -16/75     AC:  9    Str: 19    XL:     9   Next: 2%
Magic:  11/11      EV: 10    Int: 15    God:    Lugonu [***...]
Gold:   263        SH:  0    Dex: 10    Spells: 8/8 levels left

rFire    + . .     SeeInvis .   a - +1 hand axe
rCold    + . .     Gourm    .   (no shield)
rNeg     + + +     Faith    .   r - +2 leather armour {MR+}
rPois    .         Spirit   .   o - +2 hat of Wolaso {*Slow rF+ rN+++ Int+4}
rElec    .         Reflect  .   (no cloak)
rCorr    .         Harm     .   (no gloves)
MR       +....                  (no barding)
Stlth    +.........             (no amulet)
HPRegen  0.22/turn              (no ring)
MPRegen  0.12/turn              (no ring)

@: slowed
A: large, hooves 3, cold resistance 1, deformed body, speed 2, strong 1, tough
skin 3
a: Depart the Abyss, Bend Space, Banish, Renounce Religion


You were on level 6 of the Dungeon.
You worshipped Lugonu.
Lugonu was most pleased with you.
You were not hungry.

You visited 1 branch of the dungeon, and saw 7 of its levels.
You visited the Abyss 1 time.
You also visited: Sewer.

You collected 305 gold pieces.
You spent 42 gold pieces at shops.

Inventory:

Hand Weapons
 a - a +1 hand axe (weapon)
Armour
 l - a +0 helmet
 o - the +2 hat of Wolaso (worn) {*Slow rF+ rN+++ Int+4}
   (You found it on level 4 of the Dungeon)

   It affects your intelligence (+4).
   It protects you from fire.
   It renders you almost immune to negative energy.
   It may slow you when you take damage.
 r - a +2 leather armour of magic resistance (worn)
Jewellery
 t - a cursed ring of attention {unknown}
Wands
 j - a wand of iceblast (11)
 k - a wand of paralysis (6)
 q - a wand of scattershot (4)
Scrolls
 b - 4 scrolls of blinking
 m - 7 scrolls of teleportation
 p - 2 scrolls of remove curse
 s - 2 scrolls of identify
Potions
 d - a potion of cancellation {unknown}
 e - 3 potions of magic {unknown}
 f - a potion of agility
 g - a potion of flight
 h - 6 potions of curing
 i - a potion of heal wounds
 n - 2 potions of haste {unknown}
 u - 2 potions of lignification {unknown}
Comestibles
 c - 12 rations


   Skills:
 + Level 6.0 Fighting
 + Level 7.0 Axes
 * Level 5.0 Armour
 * Level 2.3 Dodging
 - Level 0.2 Stealth
 * Level 2.9 Invocations
 + Level 0.1 Evocations


You had 8 spell levels left.
You didn't know any spells.
Your spell library was empty.

Dungeon Overview and Level Annotations

Branches:
Dungeon (7/15)              Sewer (visited)
 Temple: D:4-7

Altars:
Hepliaklqana
Makhleb
Ru
Wu Jian
The Shining One

Shops:
D:6 !


Innate Abilities, Weirdness & Mutations

You have hooves in place of feet.
Armour fits poorly on your strangely shaped body.
You cover ground very quickly.
You have extremely tough skin. (AC +3)
Your flesh is cold resistant. (rC+)
Your muscles are strong. (Str +2)


Message History

The orc warrior hits you with a +2 scimitar of slicing!
* * * LOW HITPOINT WARNING * * *
x2
Press: ? - help, Shift-Dir - straight line, f/p - orc warrior
Aim: an orc warrior, wielding a +2 scimitar of slicing and wearing a +0 chain mail (chance to defeat MR: 81%)
You fail to use your ability.
The orc priest casts a cantrip, but nothing happens.
The orc warrior closely misses you.
Press: ? - help, Shift-Dir - straight line, f/p - orc warrior
Aim: an orc warrior, wielding a +2 scimitar of slicing and wearing a +0 chain mail (chance to defeat MR: 81%)
You fail to use your ability.
The orc warrior hits you with a +2 scimitar of slicing.
* * * LOW HITPOINT WARNING * * *
x2 The orc priest invokes the aid of Beogh against you.
Beogh smites you!
* * * LOW HITPOINT WARNING * * *
Press: ? - help, Shift-Dir - straight line, f/p - orc warrior
Aim: an orc warrior, wielding a +2 scimitar of slicing and wearing a +0 chain mail (chance to defeat MR: 81%)
You fail to use your ability.
The orc warrior hits you with a +2 scimitar of slicing!!
You die...

.###..'∩+.<..#.#.# #.#
......#+#.###..#.###.#
### ####).....#
#.....##.# #.. #
##.#.#.###........#
#.# #
#.#.##...#....####
####.# #
#........#.#o## #.....
# ###.######.#{#
#.##.# # #.# #.#o#
#.##.# # #.######.#@#
#.##.. # #.........)#
#.####
#######.######...# #.#
.(..[...# #.....# #.#
#######.# #.....####
#.# ........#
#..>.....# #.#
.######## #.....##.#
#.#### .# #.....##.#
#..... .#
###.####.###########..


You could see an orc warrior and an orc priest.

Vanquished Creatures
  Sigmund (D:2)
  Edmund (D:5)
  3 ice beasts
  2 ogres
  3 centaurs
  A wyvern zombie (D:6)
  3 bullfrogs (D:6)
  A scorpion (D:6)
  A howler monkey (D:6)
  3 crimson imps (D:5)
  A bullfrog zombie (D:5)
  A centaur zombie (D:5)
  2 hounds
  A bullfrog skeleton (D:5)
  2 orc wizards
  3 iguanas
  2 worker ants
  A killer bee zombie (D:5)
  Robin (D:1)
  A worker ant zombie (D:5)
  9 adders
  2 shadow imps
  An ooze (D:3)
  2 adder skeletons (D:5)
  4 dart slugs
  8 leopard geckos
  9 orcs
  3 ball pythons (Sewer)
  5 giant cockroaches
  10 hobgoblins
  12 jackals
  13 kobolds
  2 quokkas
  4 bats
  5 frilled lizards
  11 goblins
  A leopard gecko zombie (D:5)
  A quokka skeleton (D:5)
  A quokka zombie (D:5)
  11 rats
148 creatures vanquished.

Notes
Turn   | Place    | Note
-------+----------+-------------------------------------------
     0 | Abyss:1  | Gargoyl the Centaur Abyssal Knight began the quest for the
                  | Orb.
     0 | Abyss:1  | Reached XP level 1. HP: 19/19 MP: 2/2
    30 | Abyss:2  | Noticed an ancient zyme
    42 | Abyss:2  | Noticed a raiju
    42 | Abyss:2  | Noticed a tentacled starspawn
    45 | Abyss:2  | Noticed a raiju
    48 | Abyss:2  | Noticed a ynoxinul
    48 | Abyss:2  | Noticed a chaos spawn
    55 | D:1      | Escaped the Abyss
   866 | D:1      | Reached XP level 2. HP: 16/26 MP: 3/3
  1094 | D:1      | Reached skill level 2 in Axes
  1160 | D:1      | Reached * piety under Lugonu
  1766 | D:2      | Reached XP level 3. HP: 31/31 MP: 4/4
  1813 | D:2      | Found a hazy altar of Hepliaklqana.
  1826 | D:2      | Found a glowing golden altar of the Shining One.
  1839 | D:2      | Found an ornate altar of the Wu Jian Council.
  1868 | D:2      | Noticed Sigmund
  1869 | D:2      | Noticed Robin
  2611 | D:1      | Killed Robin
  2818 | D:2      | Found a sacrificial altar of Ru.
  2820 | D:2      | You fall into a shaft and drop 1 floor!
  2945 | D:2      | Killed Sigmund
  2945 | D:2      | Reached skill level 3 in Axes
  2945 | D:2      | Reached XP level 4. HP: 32/40 MP: 5/5
  2945 | D:2      | Reached XP level 5. HP: 37/46 MP: 6/6
  3366 | D:3      | Reached ** piety under Lugonu
  3607 | D:4      | Gained mutation: Your muscles are strong. (Str +2) [potion
                  | of mutation]
  3607 | D:4      | Gained mutation: Your flesh is cold resistant. (rC+)
                  | [potion of mutation]
  3618 | D:4      | Noticed an ogre
  3627 | D:4      | HP: 2/46 [ogre/+0 giant spiked club (11)]
  3928 | D:4      | Killed an ogre
  3928 | D:4      | Reached XP level 6. HP: 34/53 MP: 7/7
  4171 | D:4      | Found a glowing drain.
  4182 | Sewer    | Entered a sewer
  4259 | Sewer    | Reached skill level 4 in Axes
  4889 | D:4      | Got a steaming hat
  4890 | D:4      | Identified the +2 hat of Wolaso {*Slow rF+ rN+++ Int+4}
                  | (You found it on level 4 of the Dungeon)
  4915 | D:4      | Reached skill level 1 in Dodging
  5224 | D:4      | Found a burning altar of Makhleb.
  5588 | D:5      | Entered Level 5 of the Dungeon
  5622 | D:5      | Reached XP level 7. HP: 38/60 MP: 8/8
  6048 | D:5      | Reached skill level 5 in Axes
  6117 | D:5      | Reached *** piety under Lugonu
  6240 | D:5      | Noticed Edmund
  6519 | D:5      | Killed Edmund
  6519 | D:5      | Reached skill level 5 in Fighting
  6613 | D:5      | Reached XP level 8. HP: 34/68 MP: 9/9
  6952 | D:5      | Reached skill level 6 in Axes
  7665 | D:6      | HP: 3/70 [wyvern zombie (11)]
  8326 | D:6      | Found Zaqudghoe's Distillery.
  8329 | D:6      | Bought a potion of curing for 42 gold pieces
  8591 | D:7      | Reached skill level 7 in Axes
  8591 | D:7      | Reached XP level 9. HP: 22/75 MP: 11/11
  8985 | D:6      | Reached skill level 5 in Armour
  8996 | D:6      | HP: 3/75 [orc priest/divine providence (12)]
  8997 | D:6      | Demolished by an orc warrior

Levels and vault maps discovered:
D:1:      dpeg_arrival_another_circle, layout_basic
D:2:      layout_rooms, hangedman_ru_absence, lemuel_crystal_altar,
          marbit_many_paths, lemuel_doored_altar, uniq_robin, uniq_sigmund
D:3:      layout_basic, first_ration
D:4:      layout_basic, kennysheep_mini, portal_sewer_entry_d,
          kennysheep_small_spiral
D:5:      layout_loops_ring, serial_undead, serial_undead_a, serial_undead_f,
          serial_undead_d, serial_undead_c, uniq_edmund
D:6:      layout_loops_ring, serial_shops, nicolae_shop_behind_doors
D:7:      layout_basic, kennysheep_little_box, minmay_temple_entry_from_below_a,
          patterned_corridor

Skill      XL: |  1  2  3  4  5  6  7  8  9 |
---------------+----------------------------+-----
Axes           | 2 3 4 5 7 |  7.0
Armour         | 2 3 4 5 |  5.0
Fighting       | 4 5 6 |  6.0
Dodging        | 1 2 |  2.3
Stealth        | |  0.2
Invocations    | |  2.9
Evocations     | |  0.1

Action                   |  1- 3 |  4- 6 |  7- 9 || total
-------------------------+-------+-------+-------++-------
Melee: Hand axe          |   122 |   183 |   342 ||   647
       Kick              |    22 |    33 |    78 ||   133
Invok: Depart the Abyss  |     1 |       |       ||     1
       Banish            |       |       |     1 ||     1
Evoke: Wand              |       |     2 |     1 ||     3
  Use: Scroll            |     8 |     2 |       ||    10
       Potion            |     1 |     4 |     1 ||     6
  Eat: Chunk             |     5 |     7 |     9 ||    21
       Ration            |       |       |     1 ||     1
Armor: Plate armour      |    88 |   169 |   115 ||   372
       Leather armour    |       |       |    88 ||    88
Dodge: Dodged            |    15 |    25 |   130 ||   170

Table legend:
 A = Non-vault XP
 B = Vault XP
 C = Vault XP percentage of total XP
 D = Non-vault monster count
 E = Vault monster count
 F = Vault count percentage of total count
                 A         B        C        D         E       F
            +---------+---------+-------+---------+---------+-------
      Total |    2154 |     705 |  24.7 |     101 |      47 |  31.8
            +---------+---------+-------+---------+---------+-------
        D:1 |      39 |      33 |  45.8 |      23 |      10 |  30.3
        D:2 |      14 |     233 |  94.3 |       7 |       4 |  36.4
        D:3 |      35 |       0 |   0.0 |      11 |       0 |   0.0
        D:4 |     217 |      13 |   5.7 |      16 |       1 |   5.9
        D:5 |     731 |     358 |  32.9 |      18 |      10 |  35.7
        D:6 |    1007 |       0 |   0.0 |      24 |       0 |   0.0
        D:7 |     111 |       0 |   0.0 |       2 |       0 |   0.0
      Sewer |       0 |      68 | 100.0 |       0 |      22 | 100.0
            +---------+---------+-------+---------+---------+-------
